 Dungeon Crawl Stone Soup version 0.29-a0-1008-g949cc1d0fb (webtiles) character file.

Game seed: 5574720079087026006

4463 siradein the Spear-Bearer (level 10, -1/89 (92) HPs)
             Began as a Minotaur Berserker on Aug 7, 2022.
             Was an Elder of Trog.
             Slain by a hornet (4 damage)
             ... on level 8 of the Dungeon.
             The game lasted 00:09:15 (7523 turns).

siradein the Spear-Bearer (Minotaur Berserker)      Turns: 7523, Time: 00:09:16

HP:   -1/89 (92)    AC: 13    Str: 27    XL:     10   Next: 15%
MP:   18/18         EV: 17    Int:  6    God:    Trog [****..]
Gold: 329           SH:  0    Dex:  9    Spells: 9/9 levels left

rFire   . . .      SeeInvis +   t - +3 glaive
rCold   . . .      Faith    .   (shield currently unavailable)
rNeg    . . .      Spirit   .   B - +1 ring mail of the Trees {MP+9 Int+2 SInv}
rPois   .          Reflect  .   (helmet restricted)
rElec   .          Harm     .   w - +1 cloak
rCorr   .          Rampage  .   u - +0 pair of gloves
Will    .....                   p - +0 pair of boots
Stlth   ..........              (no amulet)
HPRegen 0.24/turn               d - +4 ring of evasion
MPRegen 0.16/turn               (no ring)

@: slowed, lightly drained, very slow
A: horns 2, retaliatory headbutt
a: Renounce Religion, Berserk, Trog's Hand, Brothers in Arms


You were on level 8 of the Dungeon.
You worshipped Trog.
Trog was greatly pleased with you.
You visited 1 branch of the dungeon, and saw 8 of its levels.

You collected 329 gold pieces.

Inventory:

Hand Weapons
 a - a +1 spear of electrocution
 t - a +3 glaive (weapon)
Missiles
 A - 6 boomerangs (quivered)
Armour
 p - a +0 pair of boots (worn)
 r - a +0 plate armour
 u - a +0 pair of gloves (worn)
 w - a +1 cloak (worn)
 B - the +1 ring mail of the Trees (worn) {MP+9 Int+2 SInv}
   (You found it on level 8 of the Dungeon)

   Int:       It affects your intelligence (+2).
   MP:        It affects your magic capacity (+9).
   SInv:      It lets you see invisible.
Jewellery
 d - a +4 ring of evasion (left hand)
Scrolls
 c - 7 scrolls of teleportation
 f - a scroll of poison {unknown}
 g - a scroll of butterflies {unknown}
 j - 2 scrolls of silence {unknown}
 o - 2 scrolls of blinking
 v - a scroll of magic mapping {unknown}
 x - 2 scrolls of noise {unknown}
 y - 2 scrolls of immolation
 z - 2 scrolls of enchant weapon
Potions
 b - 3 potions of haste
 e - 2 potions of magic {unknown}
 h - a potion of attraction {unknown}
 i - a potion of brilliance {unknown}
 k - 2 potions of might
 l - a potion of ambrosia {unknown}
 m - 2 potions of heal wounds {unknown}
 n - 2 potions of flight {unknown}
 q - 5 potions of curing {unknown}
 s - a potion of lignification {unknown}


   Skills:
 + Level 9.6 Fighting
 + Level 9.6 Polearms
 + Level 9.2 Armour
 + Level 8.4 Dodging


You had 9 spell levels left.
You didn't know any spells.
Your spell library was empty.

Dungeon Overview and Level Annotations

Branches:
Dungeon (8/15)             Temple (0/1) D:5
   Lair: D:8-11

Altars:
Fedhas
Qazlal
Sif Muna
Uskayaw


Innate Abilities, Weirdness & Mutations

You have a pair of horns on your head.
You reflexively headbutt those who attack you in melee.


Message History

You feel yourself slow down.
You barely miss the hornet.
The hornet is severely wounded.
You feel yourself speed up.
You feel sick.
The hornet stings you but does no damage.
The hornet barely misses you. x2
You closely miss the hornet.
The hornet is severely wounded.
You feel sick. The hornet stings you.
You feel yourself slow down. The hornet barely misses you.
You closely miss the hornet.
The hornet is severely wounded.
You feel yourself speed up.
You feel sick. The hornet stings you!
* * * LOW HITPOINT WARNING * * *
You suddenly lose the ability to move!
The hornet stings you.
* * * LOW HITPOINT WARNING * * *
You feel yourself slow down.
The hornet stings you but does no damage.
You feel yourself speed up.
You feel sick.
You are no longer poisoned.
The hornet stings you.
* * * LOW HITPOINT WARNING * * *
You feel yourself slow down. The hornet stings you.
* * * LOW HITPOINT WARNING * * *
You feel as though you will be slow longer.
The hornet stings you!
* * * LOW HITPOINT WARNING * * *
You feel as though you will be slow longer.
You can move again.
Reach: t) +3 glaive
Press: ? - help, Dir - move target, f/p - hornet
Aim: a hornet (severely wounded, about 52% to evade your +3 glaive)
You closely miss the hornet.
The hornet is severely wounded.
The hornet stings you.
You die...

########################
........................
#####...................
####....................
........................
##.........)............
#.........))............
................@y......
...:....................
................).......
.............)).........
........................
........................
........................
........................
.......................


You could see a hornet.

Vanquished Creatures
  Pikel (D:5)
  A deep elf zephyrmancer (D:6)
  Sigmund (D:6)
  Duvessa (D:4)
  An ice beast (D:5)
  5 sky beasts
  An orc warrior (D:5)
  2 black bears
  2 ogres (D:6)
  A centaur (D:7)
  3 kobold brigands
  4 bullfrogs
  Blork the orc (D:6)
  7 scorpions
  10 wights
  Dowan (D:4)
  3 killer bees (D:6)
  A howler monkey (D:7)
  An orc priest (D:6)
  2 hounds (D:4)
  Crazy Yiuf (D:5)
  A gnoll bouda (D:6)
  A jelly (D:5)
  3 iguanas
  2 orc wizards
  10 gnolls
  13 adders
  A river rat (D:4)
  3 white imps
  An ufetubus (D:6)
  A worm (D:4)
  2 dart slugs
  16 orcs
  5 ball pythons
  7 endoplasms
  2 giant cockroaches
  8 goblins
  6 hobgoblins
  3 quokkas
  5 bats
  5 frilled lizards
  13 kobolds
  9 rats
167 creatures vanquished.

Notes
Turn   | Place    | Note
-------+----------+-------------------------------------------
     0 | D:1      | siradein the Minotaur Berserker began the quest for the
                  | Orb.
     0 | D:1      | Reached XP level 1. HP: 19/19 MP: 0/0
   166 | D:1      | Reached XP level 2. HP: 22/27 MP: 1/1
   491 | D:1      | Found a faded altar of an unknown god.
   911 | D:2      | Reached XP level 3. HP: 30/33 MP: 2/2
  1023 | D:2      | Reached ** piety under Trog
  1940 | D:3      | Reached XP level 4. HP: 40/40 MP: 3/3
  1961 | D:3      | Found a blossoming altar of Fedhas.
  1962 | D:3      | Found a shimmering blue altar of Sif Muna.
  1962 | D:3      | Found a stormy altar of Qazlal.
  2014 | D:3      | Found a hide-covered altar of Uskayaw.
  2510 | D:4      | Reached XP level 5. HP: 47/47 MP: 4/4
  2533 | D:4      | Noticed Dowan
  2534 | D:4      | Noticed Duvessa
  2551 | D:4      | Killed Duvessa
  2552 | D:4      | Reached skill level 5 in Fighting
  2552 | D:4      | Reached skill level 5 in Polearms
  2554 | D:4      | Killed Dowan
  2555 | D:4      | Reached XP level 6. HP: 56/56 MP: 5/5
  2742 | D:4      | You fall into a shaft and drop 2 floors!
  2836 | D:5      | Entered Level 5 of the Dungeon
  3160 | D:4      | Noticed a sky beast
  3187 | D:4      | Killed a sky beast
  3188 | D:4      | Reached skill level 5 in Armour
  3188 | D:4      | Reached XP level 7. HP: 24/62 MP: 6/6
  3783 | D:5      | Noticed Pikel
  3789 | D:5      | Killed Pikel
  3790 | D:5      | Reached skill level 5 in Dodging
  3806 | D:5      | Reached XP level 8. HP: 71/71 MP: 7/7
  3816 | D:5      | Found a staircase to the Ecumenical Temple.
  3874 | D:5      | Found a runed translucent door.
  3875 | D:5      | Noticed Crazy Yiuf
  4081 | D:5      | Reached *** piety under Trog
  4728 | D:5      | Killed Crazy Yiuf
  5024 | D:6      | Noticed Blork the orc
  5031 | D:6      | Killed Blork the orc
  5150 | D:6      | Reached XP level 9. HP: 81/81 MP: 8/8
  5470 | D:6      | Noticed Sigmund
  5479 | D:6      | Killed Sigmund
  5527 | D:6      | Noticed a deep elf zephyrmancer
  5535 | D:6      | Killed a deep elf zephyrmancer
  5997 | D:7      | Reached **** piety under Trog
  6823 | D:7      | Reached XP level 10. HP: 91/91 MP: 9/9
  7136 | D:8      | Identified the +1 ring mail of the Trees {MP+9 Int+2 SInv}
  7520 | D:8      | Paralysed by a hornet for 3 turns
  7522 | D:8      | HP: 3/89 [hornet (11)]
  7523 | D:8      | Slain by a hornet

Illustrated notes

Levels and vault maps discovered:
D:1:      dpeg_arrival_concentric_ovals, layout_basic,
          chequers_ecumenical_altar_simple
D:2:      cheibrodos_old_hovel, layout_basic
D:3:      layout_basic, mainiacjoe_overflow_boulevard,
          chequers_temple_overflow_statue_of_worship
D:4:      nicolae_BIG_FREAKIN_CUBE, layout_loops_ring, portal_sewer_entry_e,
          grunt_ministairs_5, uniq_duvessa
D:5:      layout_basic, minmay_temple_entry_tees, uniq_pikel,
          uniq_crazy_yiuf_cottage
D:6:      layout_loops_ring, minivault_25, guppyfry_early_elven_hall,
          uniq_blork_the_orc, uniq_sigmund
D:7:      layout_layer_cave
D:8:      layout_basic

Skill      XL: |  1  2  3  4  5  6  7  8  9 |
---------------+----------------------------+-----
Polearms       | 4 5 6 7 9 |  9.6
Fighting       | 4 5 6 7 9 |  9.6
Armour         | 3 4 5 6 7 9 |  9.2
Dodging        | 3 4 5 6 8 |  8.4

Action                   |  1- 3 |  4- 6 |  7- 9 | 10-12 || total
-------------------------+-------+-------+-------+-------++-------
Melee: Spear             |   107 |   152 |    48 |       ||   307
       Headbutt          |     8 |    18 |    19 |     2 ||    47
       Punch             |     1 |     2 |     1 |       ||     4
       Glaive            |       |       |   131 |    50 ||   181
Invok: Berserk           |       |     1 |       |       ||     1
  Use: Scroll            |       |     7 |     2 |       ||     9
 Stab: Distracted        |       |       |     1 |       ||     1
Armor: Animal skin       |     2 |       |       |       ||     2
       Ring mail         |    11 |       |       |    10 ||    21
       Chain mail        |     4 |     6 |       |       ||    10
       Plate armour      |       |    52 |    73 |       ||   125
Dodge: Dodged            |    47 |    46 |    74 |    34 ||   201

Table legend: (Time is in decaauts)
 A = Elapsed time spent in this place.
 B = Non-inter-level travel time spent in this place.
 C = Inter-level travel time spent in this place.
 D = Time resting spent in this place.
 E = Time spent auto-exploring this place.
 F = Levels seen in this place.
 G = Mean time per level.
                   A        B        C        D        E       F      G
               +--------+--------+--------+--------+--------+-----+--------+
         Total |   7536 |   7334 |    202 |      2 |   5806 |   8 |  942.0 |
       Dungeon |   7536 |   7334 |    202 |      2 |   5806 |   8 |  942.0 |
               +--------+--------+--------+--------+--------+-----+--------+

Top non-repeatable levels by time:
     D:4: 1290 daAuts
     D:6: 1255 daAuts
     D:7: 1206 daAuts
     D:2: 1019 daAuts
     D:5: 1015 daAuts
     D:1: 824 daAuts
     D:3: 494 daAuts
     D:8: 431 daAuts
